 Dungeon Crawl Stone Soup version 0.27-a0-263-gc8dee61f84 (webtiles) character file.

Game seed: 16699347093111448349

77 knot the Chopper (level 4, 49/52 HPs)
             Began as a Demonspawn Berserker on Feb 5, 2021.
             Was a Believer of Trog.
             Quit the game on level 4 of the Dungeon.
             The game lasted 00:01:02 (1220 turns).

knot the Chopper (Demonspawn Berserker)             Turns: 1220, Time: 00:01:03

Health: 49/52      AC:  8    Str: 18    XL:     4   Next: 13%
Magic:  4/4        EV: 10    Int:  9    God:    Trog [**....]
Gold:   93         SH:  0    Dex: 12    Spells: 3/3 levels left

rFire    . . .     SeeInvis .   a - +0 hand axe
rCold    . . .     Faith    .   (no shield)
rNeg     . . .     Spirit   .   i - +0 scale mail
rPois    .         Reflect  .   (helmet restricted)
rElec    .         Harm     .   (no cloak)
rCorr    .         Rampage  .   d - +0 pair of gloves
Will     .....                  (no boots)
Stlth    ..........             (no amulet)
HPRegen  0.17/turn              h - ring of flight
MPRegen  0.09/turn              (no ring)

@: berserking, mildly poisoned (49 -> 44), very quick
A: horns 2, sharp scales 1
a: Renounce Religion, Evoke Flight, Berserk, Trog's Hand


You were on level 4 of the Dungeon.
You worshipped Trog.
Trog was pleased with you.
You visited 1 branch of the dungeon, and saw 3 of its levels.

You collected 93 gold pieces.

Inventory:

Hand Weapons
 a - a +0 hand axe (weapon)
Missiles
 f - 7 sling bullets
 m - 22 stones
Armour
 d - a +0 pair of gloves (worn)
 i - a +0 scale mail (worn)
Jewellery
 h - a ring of flight (left hand)
 l - an uncursed amulet of magic regeneration {unknown}
Scrolls
 c - a scroll of blinking {unknown}
 e - a scroll of teleportation {unknown}
 g - a scroll of identify {unknown}
 o - a scroll of remove curse {unknown}
Potions
 b - a potion of curing {unknown}
 j - a potion of heal wounds {unknown}
 k - a potion of mutation {unknown}
 n - a potion of cancellation {unknown}
 p - a potion of invisibility {unknown}
 q - a potion of brilliance {unknown}


   Skills:
 - Level 3.0 Fighting
 + Level 4.5 Axes
 - Level 1.7 Armour
 - Level 1.7 Dodging


You had 3 spell levels left.
You didn't know any spells.
Your spell library was empty.

Dungeon Overview and Level Annotations

Branches:
Dungeon (2/15)

Altars:
Cheibriados
Dithmenos
Fedhas
Nemelex Xobeh
Wu Jian
The Shining One


Innate Abilities, Weirdness & Mutations

You have a pair of horns on your head.
You are partially covered in razor-sharp scales. (AC +1, Slay +1)


Message History

You feel sick.
The worker ant bites you but does no damage.
You closely miss the worker ant.
The worker ant is severely wounded.
You hit the ooze.
You feel sick.
The worker ant bites you but does no damage.
The ooze hits you but does no damage.
You closely miss the worker ant.
The worker ant is severely wounded.
You hit the ooze. The worker ant closely misses you.
You slash the worker ant!
You kill the worker ant!
Trog accepts your kill.
You hit the ooze.
You kill the ooze!
Trog accepts your kill.
You have reached level 4!
You feel stronger.
Your demonic ancestry asserts itself...
Sharp scales grow over part of your body.
Are you sure you want to abandon this character and quit the game? (Confirm with "yes".)

.... . #.#. ##
## ..#... .#..
....## .#.
..... .. ..
##..# .#
Z...#.#.##.#
#...Z.@.#
####.#.......#
#.#.#####.#
#.?.. #...##
#...# #.(..
#..... ##.####


You could see a leopard gecko skeleton.

Vanquished Creatures
  A worker ant (D:4)
  An adder (D:2)
  2 oozes
  2 worms (D:2)
  2 dart slugs (D:1)
  A leopard gecko (D:1)
  3 bats (D:1)
  3 giant cockroaches (D:1)
  2 hobgoblins
  3 kobolds (D:1)
  3 frilled lizards (D:1)
  2 goblins (D:1)
  4 rats (D:1)
29 creatures vanquished.

Notes
Turn   | Place    | Note
-------+----------+-------------------------------------------
     0 | D:1      | knot the Demonspawn Berserker began the quest for the Orb.
     0 | D:1      | Reached XP level 1. HP: 18/18 MP: 1/1
    45 | D:1      | Reached skill level 3 in Axes
    93 | D:1      | Gained mutation: You have a pair of small horns on your
                  | head. [demonic ancestry]
    93 | D:1      | Reached XP level 2. HP: 19/24 MP: 2/2
   590 | D:1      | Reached ** piety under Trog
   591 | D:1      | Gained mutation: You have a pair of horns on your head.
                  | [demonic ancestry]
   591 | D:1      | Reached XP level 3. HP: 27/29 MP: 3/3
   838 | D:1      | You fall into a shaft and drop 1 floor!
   838 | D:2      | Found an ornate altar of the Wu Jian Council.
   838 | D:2      | Found a snail-covered altar of Cheibriados.
   838 | D:2      | Found a glowing golden altar of the Shining One.
   838 | D:2      | Found a shadowy altar of Dithmenos.
   838 | D:2      | Found a sparkling altar of Nemelex Xobeh.
   838 | D:2      | Found a blossoming altar of Fedhas.
   848 | D:2      | Reached skill level 4 in Axes
  1210 | D:2      | You fall into a shaft and drop 2 floors!
  1220 | D:4      | Gained mutation: You are partially covered in razor-sharp
                  | scales. (AC +1, Slay +1) [demonic ancestry]
  1220 | D:4      | Reached XP level 4. HP: 35/35 MP: 4/4
  1220 | D:4      | Quit the game

Illustrated notes

Levels and vault maps discovered:
D:1:      minmay_arrival_floating_metal, layout_rooms, minmay_liquid_box
D:2:      layout_loops_ring, grunt_temple_overflow_open, general_overflow_altar,
          nrook_mini_backslash
D:4:      layout_loops_cross, nicolae_ru_the_path_less_chosen, serial_shops,
          shop, dk_yredelemnul_ordeal

Skill      XL: |  1  2  3 |
---------------+----------+-----
Axes           | 3 4 |  4.5
Fighting       | |  3.0
Armour         | |  1.7
Dodging        | |  1.7

Action                   |  1- 3 |  4- 6 || total
-------------------------+-------+-------++-------
Melee: Hand axe          |    73 |       ||    73
       Headbutt          |    12 |       ||    12
Invok: Berserk           |     2 |       ||     2
Armor: Animal skin       |     3 |       ||     3
       Scale mail        |    22 |       ||    22
Dodge: Dodged            |    30 |       ||    30

Table legend: (Time is in decaauts)
 A = Elapsed time spent in this place.
 B = Non-inter-level travel time spent in this place.
 C = Inter-level travel time spent in this place.
 D = Time resting spent in this place.
 E = Time spent auto-exploring this place.
 F = Levels seen in this place.
 G = Mean time per level.
                   A        B        C        D        E       F      G
               +--------+--------+--------+--------+--------+-----+--------+
         Total |   1237 |   1202 |     35 |    257 |    761 |   3 |  412.3 |
       Dungeon |   1237 |   1202 |     35 |    257 |    761 |   3 |  412.3 |
               +--------+--------+--------+--------+--------+-----+--------+

Top non-repeatable levels by time:
     D:1: 855 daAuts
     D:2: 374 daAuts
     D:4: 8 daAuts
